 Dungeon Sprint DCSS version 0.27-a0-1334-g2746e35aca (webtiles) character file.

Game seed: 13753434794351679100

38563 mhtbhm the Axe Maniac (level 13, -7/116 HPs)
             Began as a Minotaur Berserker on June 26, 2021.
             Was a High Priest of Trog.
             Mangled by Rupert (27 damage)
             ... while paralysed by Rupert
             ... in the Dungeon (Sprint VII: "The Pits").
             The game lasted 00:08:23 (4775 turns).

mhtbhm the Axe Maniac (Minotaur Berserker)          Turns: 4775, Time: 00:08:24

Health: -7/116     AC: 19    Str: 26    XL:     13   Next: 64%
Magic:  12/12      EV:  2    Int:  4    God:    Trog [*****.]
Gold:   20         SH:  0    Dex: 11    Spells: 12/12 levels left

rFire    . . .     SeeInvis .   a - +9 executioner's axe of Qoowuger {flame, Contam rElec rCorr Stlth+}
rCold    . . .     Faith    .   (shield currently unavailable)
rNeg     . . .     Spirit   .   b - +4 chain mail
rPois    .         Reflect  .   (helmet restricted)
rElec    +         Harm     .   m - +1 cloak
rCorr    +         Rampage  .   (no gloves)
Will     .....     NoTele   +   (no boots)
Stlth    ..........             (no amulet)
HPRegen  0.29/turn              n - +3 ring of evasion
MPRegen  0.13/turn              o - +3 ring of protection

@: paralysed, very slightly contaminated, invisible
A: horns 2, retaliatory headbutt, deformed body, frail 2
a: Renounce Religion, Berserk, Trog's Hand, Brothers in Arms


You were in the Dungeon.
You worshipped Trog.
Trog was extremely pleased with you.
You visited 1 branch You collected 20 gold pieces.

Inventory:

Hand Weapons
 a - the +9 executioner's axe of Qoowuger (weapon) {flame, Contam rElec rCorr Stlth+}
   (Trog gifted it to you in the Dungeon)

   It has been specially enchanted to burn those struck by it, causing extra
   injury to most foes and up to half again as much damage against particularly
   susceptible opponents.
   Big, fiery blades are also staple armaments of hydra-hunters.
   It insulates you from electricity.
   It causes magical contamination when unequipped.
   It protects you from acid and corrosion.
   It makes you more stealthy.
 q - the +14 obsidian axe {vorpal, Drain Fly SInv}
   (You found it in the Dungeon)

   It inflicts extra damage upon your enemies.
   It lets you see invisible.
   It grants you flight.
   It drains your maximum health when unequipped.
 D - the +11 glaive "Ymenn" {elec, Drain rElec Str+2 Dex+4}
   (You found it in the Dungeon)

   Occasionally, upon striking a foe, it can discharge electrical energy and
   cause terrible harm.
   It affects your strength (+2).
   It affects your dexterity (+4).
   It insulates you from electricity.
   It drains your maximum health when unequipped.
 H - a +6 morningstar of holy wrath
Missiles
 B - 5 javelins
Armour
 b - a +4 chain mail (worn)
 m - a +1 cloak (worn)
 G - the +1 pair of gloves of Minor Irritation {rPois Will- Str+7 Int+3}
   (You found it in the Dungeon)

   It affects your strength (+7).
   It affects your intelligence (+3).
   It protects you from poison.
   It decreases your willpower.
Jewellery
 n - a +3 ring of evasion (left hand)
 o - a +3 ring of protection (right hand)
 y - a ring of see invisible
 A - a ring of positive energy
Wands
 l - a wand of digging (4)
 r - a wand of flame (7)
Scrolls
 h - a scroll of blinking
 j - 2 scrolls of summoning
 t - 4 scrolls of enchant armour
 u - 4 scrolls of enchant weapon
 v - a scroll of fear
 w - a scroll of fog
 x - a scroll of identify
Potions
 c - 11 potions of curing
 d - 13 potions of heal wounds
 e - 2 potions of haste
 f - 4 potions of magic
 g - 5 potions of berserk rage
 i - a potion of invisibility
 k - 2 potions of ambrosia
 p - 2 potions of resistance
 s - 3 potions of brilliance
 z - 3 potions of mutation
Miscellaneous
 C - a tin of tremorstones (2/2)
 F - a lightning rod (4/4)


   Skills:
 + Level 22.4 Fighting
 O Level 27 Axes
 + Level 16.4 Armour
 + Level 11.7 Dodging
 - Level 3.2 Stealth


You had 12 spell levels left.
You didn't know any spells.
Your spell library was empty.

Dungeon Overview and Level Annotations

Branches:
Dungeon (1/1)

Altars:
Cheibriados
Dithmenos
Elyvilon
Fedhas
Gozag
Hepliaklqana
Makhleb
Nemelex Xobeh
Okawaru
Qazlal
Ru
Sif Muna
Trog
Wu Jian
Xom
Yredelemnul
Zin
The Shining One
Jiyva

Annotations:
D Rupert


Innate Abilities, Weirdness & Mutations

You have a pair of horns on your head.
You reflexively headbutt those who attack you in melee.
Armour fits poorly on your strangely shaped body.
You are very frail. (-20% HP)


Message History

The orc knight moves out of view. x3 2 orc warlords come into view.
An orc warlord is wielding a +1 bardiche of venom.
You swap places.
Rupert the Wild comes into view.
He is wielding a +3 triple sword of electrocution.
Rupert shouts!
The orc knight shouts! x4; The orc warlord shouts! x2
The orc knight roars a battlecry!
The orcs go into a battle-frenzy!
Rupert yells loudly at you.
You suddenly lose the ability to move!
An orc knight comes into view. It is wielding a +0 war axe.
The orc knight shouts! x3; The orc warlord shouts!
Rupert roars madly and goes into a rage!
Rupert goes berserk!
The orc knight roars a battlecry!
The orc knight goes into a battle-frenzy!
The orc knight shouts! x3
Your cyclops hits the guardian mummy!!
The guardian mummy barely misses your cyclops.
The orc knight hits your iron troll with a +1 long sword!!
Your iron troll bites the orc knight!!
Your iron troll barely misses the orc knight.
Your iron troll claws the orc knight!
Your cyclops hits the guardian mummy!!!
The guardian mummy is destroyed!
Trog accepts your kill.
You feel extremely nervous for a moment...
Your body is wracked with pain!
Rupert hits you with a +3 triple sword of electrocution!!!
* * * LOW HITPOINT WARNING * * *
The orc knight hits your iron troll with a +0 long sword.
The orc knight hits your iron troll with a +1 long sword!
Your iron troll bites the orc knight!!
Your iron troll claws the orc knight! x2
Rupert completely misses you.
The orc knight hits your iron troll with a +1 long sword.
Your iron troll closely misses the orc knight.
Your iron troll barely misses the orc knight.
Your iron troll claws the orc knight but does no damage.
Rupert hits you with a +3 triple sword of electrocution!!
You die...

..#****++***,,,,,,,,,,,*****++**#
..#*,,,,,,,**,,,,,,,,,**,,,*,,,*#
..++,,,,,,,,**,,,,,,,**,,,,+,,,*#
..++,,,,,,,,,**,,,,,**,,,,,*,,,*#
''#*****************************#
''###############################
...............................).
................C...............)
..##############@'##############.
..#,,+,,,+,,#..@C....#,,+,,,+,,#.
..#,,*,,,*,,#...To...#,,*,,,*,,#.
..#***,,,***####o.####***,,,***#.
..#,,,,,,,,,*,,oooo,,*,,,,,,,,,#.
..#,,,,,,,,,,,,ooo..,,,,,,,,,,,#.
..#,,,,,,,,,*,,.o...,*,,,,,,,,,#.
..#*+***+**,**##..###*,**+***+*#.
..#,,,,*,,*,*,,****,,*,*,,*,,,,#.


You could see Rupert (berserk, ally target), 2 orc warlords, 8 orc knights, a
friendly iron troll (summoned, berserk) and 2 friendly cyclopes.

Vanquished Creatures
  An orb of fire (D)
  An electric golem (D)
  A death cob (D)
  A rockslime (D)
  A balrug (D)
  An angel (D)
  A green draconian (D)
  A fire dragon (D)
  A hydra (D)
  A boulder beetle (D)
  2 sun demons (D)
  Nergalle (D)
  A sea snake (D)
  A spriggan druid (D)
  2 shadow wraiths (D)
  A flayed ghost (D)
  2 swamp dragons (D)
  A necromancer (D)
  2 deep elf pyromancers (D)
  A lindwurm (D)
  2 deep elf zephyrmancers (D)
  A merfolk siren (D)
  An elephant (D)
  3 black mambas (D)
  A rust devil (D)
  An orange demon (D)
  An eye of devastation (D)
  A smoke demon (D)
  Psyche (D)
  A komodo dragon (D)
  A hellwing (D)
  3 kobold demonologists (D)
  A freezing wraith (D)
  2 ice devils (D)
  A wind drake (D)
  3 jumping spiders (D)
  4 slime creatures (D)
  3 blink frogs (D)
  5 dream sheep (D)
  2 snapping turtles (D)
  A flying skull (D)
  2 wraiths (D)
  A wyvern (D)
  A ynoxinul (D)
  3 redbacks (D)
  An air elemental (D)
  A tarantella (D)
  A shadow (D)
  3 fire elementals (D)
  A fire bat (D)
  2 steam dragons (D)
  4 yaks (D)
  4 vampire mosquitoes (D)
  2 large abominations (D)
  An acid dragon (D)
  A floating eye (D)
  A small abomination (D)
  An ice beast (D)
  An orc warrior (D)
  A sky beast (D)
  2 black bears (D)
  A centaur (D)
  A necrophage (D)
  10 killer bees (D)
  3 wights (D)
  A quasit (D)
  A jelly (D)
  2 gnoll shamans (D)
  Crazy Yiuf (D)
  An orc priest (D)
  An iron imp (D)
  Jessica (D)
  An iguana (D)
  A mummy (D)
  7 gnolls (D)
  2 river rats (D)
  An ufetubus (D)
  2 orcs (D)
  An endoplasm (D)
  A giant cockroach (D)
  2 goblins (D)
  5 jackals (D)
  A quokka (D)
  A ball python (D)
  A ball python zombie (D)
  A frilled lizard (D)
  3 kobolds (D)
  A rat (D)
151 creatures vanquished.

Vanquished Creatures (collateral kills)
  A guardian mummy (D)
1 creature vanquished.

Vanquished Creatures (others)
  A swamp drake (D)
  A small abomination (D)
2 creatures vanquished.

Grand Total: 154 creatures vanquished

Notes
Turn   | Place    | Note
-------+----------+-------------------------------------------
     0 | D        | mhtbhm the Minotaur Berserker began the quest for the Orb.
     0 | D        | Reached XP level 1. HP: 19/19 MP: 0/0
    18 | D        | Reached skill level 4 in Axes
    23 | D        | Reached ** piety under Trog
   129 | D        | Reached *** piety under Trog
   130 | D        | Reached XP level 2. HP: 26/28 MP: 1/1
   172 | D        | Reached **** piety under Trog
   173 | D        | Reached skill level 5 in Fighting
   173 | D        | Reached skill level 5 in Axes
   178 | D        | Reached skill level 6 in Axes
   178 | D        | Reached XP level 3. HP: 26/37 MP: 2/2
   346 | D        | Found a bloodstained altar of Trog.
   346 | D        | Found a shimmering blue altar of Sif Muna.
   346 | D        | Found a viscous altar of Jiyva.
   346 | D        | Found a hazy altar of Hepliaklqana.
   346 | D        | Found an opulent altar of Gozag.
   368 | D        | Noticed a necrophage
   368 | D        | Noticed a black bear
   369 | D        | Noticed Crazy Yiuf
   370 | D        | Noticed an orc warrior
   373 | D        | Reached ***** piety under Trog
   374 | D        | Reached skill level 7 in Axes
   374 | D        | Reached XP level 4. HP: 47/47 MP: 3/3
   374 | D        | Noticed Jessica
   376 | D        | Killed an orc warrior
   377 | D        | Reached skill level 9 in Axes
   377 | D        | Reached XP level 5. HP: 56/56 MP: 4/4
   378 | D        | Killed Crazy Yiuf
   379 | D        | Reached skill level 5 in Dodging
   379 | D        | Killed a black bear
   380 | D        | Reached skill level 10 in Axes
   380 | D        | Reached skill level 5 in Armour
   380 | D        | Reached XP level 6. HP: 66/66 MP: 5/5
   382 | D        | Reached skill level 10 in Fighting
   382 | D        | Reached skill level 11 in Axes
   383 | D        | Received a gift from Trog
   385 | D        | Killed Jessica
   550 | D        | Killed a shadow wraith
   551 | D        | Reached skill level 13 in Axes
   551 | D        | Reached XP level 7. HP: 42/75 MP: 6/6
   744 | D        | Noticed a flying skull
   749 | D        | Reached XP level 8. HP: 83/83 MP: 7/7
   754 | D        | Killed a flying skull
   755 | D        | Reached skill level 14 in Axes
   756 | D        | Received a gift from Trog
   785 | D        | Noticed a black mamba
   785 | D        | Noticed a komodo dragon
   789 | D        | Killed a black mamba
   790 | D        | Reached skill level 15 in Axes
   794 | D        | Killed a komodo dragon
   803 | D        | Found the +14 obsidian axe {vorpal, Drain Fly SInv}
   975 | D        | Found a glowing golden altar of the Shining One.
   975 | D        | Found a glowing silver altar of Zin.
   975 | D        | Found a basalt altar of Yredelemnul.
   975 | D        | Found a shimmering altar of Xom.
   975 | D        | Found an ornate altar of the Wu Jian Council.
   975 | D        | Found a sacrificial altar of Ru.
   975 | D        | Found a stormy altar of Qazlal.
   975 | D        | Found an iron altar of Okawaru.
   975 | D        | Found a sparkling altar of Nemelex Xobeh.
   975 | D        | Found a burning altar of Makhleb.
   975 | D        | Found a blossoming altar of Fedhas.
   975 | D        | Found a white marble altar of Elyvilon.
   975 | D        | Found a shadowy altar of Dithmenos.
   975 | D        | Found a snail-covered altar of Cheibriados.
   999 | D        | Noticed a deep elf pyromancer
  1006 | D        | Killed a deep elf pyromancer
  1006 | D        | Received a gift from Trog
  1007 | D        | Reached skill level 16 in Axes
  1007 | D        | Reached XP level 9. HP: 81/93 MP: 8/8
  1159 | D        | Reached skill level 17 in Axes
  1159 | D        | Reached ****** piety under Trog
  1160 | D        | Reached skill level 1 in Stealth
  1162 | D        | Received a gift from Trog
  1164 | D        | Noticed a swamp dragon
  1173 | D        | Killed a swamp dragon
  1174 | D        | Reached skill level 18 in Axes
  1174 | D        | Reached XP level 10. HP: 104/104 MP: 9/9
  1235 | D        | Reached skill level 10 in Armour
  1304 | D        | Noticed a deep elf pyromancer
  1308 | D        | Killed a deep elf pyromancer
  1308 | D        | Received a gift from Trog
  1309 | D        | Reached skill level 15 in Fighting
  1309 | D        | Reached skill level 19 in Axes
  1413 | D        | Paralysed by an air elemental for 1 turns
  1422 | D        | Received a gift from Trog
  1579 | D        | Reached skill level 10 in Dodging
  1588 | D        | Noticed a sea snake
  1590 | D        | Noticed a swamp dragon
  1599 | D        | Killed a swamp dragon
  1599 | D        | Identified the +9 executioner's axe of Qoowuger {flame,
                  | Contam rElec rCorr Stlth+} (Trog gifted it to you in the
                  | Dungeon)
  1599 | D        | Received a gift from Trog
  1599 | D        | Killed a sea snake
  1600 | D        | Reached skill level 20 in Axes
  1671 | D        | Reached XP level 11. HP: 114/114 MP: 10/10
  1675 | D        | Received a gift from Trog
  1686 | D        | Received a gift from Trog
  1687 | D        | Reached skill level 21 in Axes
  1828 | D        | Killed a shadow wraith
  2097 | D        | Identified the +8 battleaxe of Disarray {vorpal, Str+4}
                  | (Trog gifted it to you in the Dungeon)
  2097 | D        | Received a gift from Trog
  2124 | D        | Noticed a death cob
  2130 | D        | Killed a death cob
  2131 | D        | Reached skill level 22 in Axes
  2344 | D        | Received a gift from Trog
  2351 | D        | Noticed Psyche
  2356 | D        | Killed Psyche
  2464 | D        | Noticed a flayed ghost
  2472 | D        | Killed a flayed ghost
  2472 | D        | Received a gift from Trog
  2480 | D        | Noticed a deep elf zephyrmancer
  2482 | D        | Killed a deep elf zephyrmancer
  2492 | D        | Noticed a deep elf zephyrmancer
  2492 | D        | Noticed a five-headed hydra
  2499 | D        | Received a gift from Trog
  2500 | D        | Reached skill level 23 in Axes
  2502 | D        | Reached XP level 12. HP: 127/127 MP: 11/11
  2503 | D        | Killed a three-headed hydra
  2508 | D        | Received a gift from Trog
  2758 | D        | Noticed a boulder beetle
  2770 | D        | Killed a boulder beetle
  2852 | D        | Noticed a green draconian
  2852 | D        | Noticed a fire dragon
  2859 | D        | Killed a green draconian
  2865 | D        | Killed a fire dragon
  2866 | D        | Reached skill level 24 in Axes
  2867 | D        | Received a gift from Trog
  2922 | D        | Got the +0 chain mail of Fuocrutz {rPois rC- Str+5 Int+2}
  2938 | D        | Got the +11 glaive "Ymenn" {elec, Drain rElec Str+2 Dex+4}
  3169 | D        | Received a gift from Trog
  3218 | D        | Received a gift from Trog
  3222 | D        | Noticed Nergalle
  3229 | D        | Killed Nergalle
  3240 | D        | Received a gift from Trog
  3241 | D        | Reached skill level 25 in Axes
  3241 | D        | Reached skill level 15 in Armour
  3355 | D        | Noticed an angel
  3375 | D        | Killed an angel
  3674 | D        | Received a gift from Trog
  3680 | D        | Reached XP level 13. HP: 129/140 MP: 12/12
  3688 | D        | Got the +1 pair of gloves of Minor Irritation {rPois Will-
                  | Str+7 Int+3}
  3805 | D        | Noticed a balrug
  3810 | D        | Killed a balrug
  3810 | D        | Received a gift from Trog
  3889 | D        | Noticed a rockslime
  3894 | D        | Killed a rockslime
  3895 | D        | Reached skill level 26 in Axes
  3971 | D        | Noticed an electric golem
  3980 | D        | Killed an electric golem
  4120 | D        | Noticed an orb of fire
  4120 | D        | Gained mutation: Armour fits poorly on your strangely
                  | shaped body. [an orb of fire]
  4121 | D        | Gained mutation: You are frail. (-10% HP) [an orb of fire]
  4135 | D        | Killed an orb of fire
  4136 | D        | Reached skill level 27 in Axes
  4495 | D        | Noticed an orb of fire
  4495 | D        | Gained mutation: You are very frail. (-20% HP) [an orb of
                  | fire]
  4770 | D        | Noticed an orc warlord
  4770 | D        | Noticed an orc warlord
  4770 | D        | Noticed Rupert
  4770 | D        | Paralysed by Rupert for 6 turns
  4775 | D        | Mangled by Rupert

Illustrated notes

Levels and vault maps discovered:
D:        pitsprint [storerooms_1, entrance_room_1, metal_vault_8, armoury_2,
          mini_pit_1, grid_room_1, main_hall_1, silver_pit, the_coven_3,
          the_vestibule_1, steel_vault_3, golden_pit, hallway_of_sentries,
          crystal_vault_3, iron_vault_3, final_vault]

Skill      XL: |  1  2  3  4  5  6  7  8  9 10 11 12 13 |
---------------+----------------------------------------+-----
Fighting       | 4 5 7 8 9 11 12 13 14 16 18 20 22 | 22.4
Axes           | 4 6 7 9 10 13 16 18 20 23 25 27 | 27.0
Armour         | 3 4 5 7 8 9 11 13 15 16 | 16.4
Dodging        | 3 4 5 7 8 9 10 11 | 11.7
Stealth        | 1 2 3 |  3.2

Action                   |  1- 3 |  4- 6 |  7- 9 | 10-12 | 13-15 || total
-------------------------+-------+-------+-------+-------+-------++-------
Melee: Hand axe          |    28 |    10 |       |       |       ||    38
       Headbutt          |     2 |     4 |    10 |    41 |     6 ||    63
       Battleaxe         |       |     8 |    38 |    41 |       ||    87
       Executioner's axe |       |       |       |   175 |    30 ||   205
Invok: Berserk           |     2 |     1 |     3 |     9 |     3 ||    18
       Trog's Hand       |       |       |       |     1 |       ||     1
       Brothers in Arms  |       |       |       |       |     3 ||     3
  Use: Potion            |       |       |       |     1 |     2 ||     3
       Scroll            |       |       |       |       |     3 ||     3
 Stab: Distracted        |       |       |       |     2 |       ||     2
Armor: Animal skin       |     3 |       |       |       |       ||     3
       Scale mail        |     1 |     4 |     8 |       |       ||    13
       Chain mail        |       |       |    12 |   126 |    14 ||   152
Dodge: Dodged            |    14 |     6 |    29 |   155 |     9 ||   213

Table legend: (Time is in decaauts)
 A = Elapsed time spent in this place.
 B = Non-inter-level travel time spent in this place.
 C = Inter-level travel time spent in this place.
 D = Time resting spent in this place.
 E = Time spent auto-exploring this place.
 F = Levels seen in this place.
 G = Mean time per level.
                   A        B        C        D        E       F      G
               +--------+--------+--------+--------+--------+-----+--------+
         Total |   4915 |   4915 |      0 |   3421 |    149 |   1 | 4915.0 |
       Dungeon |   4915 |   4915 |      0 |   3421 |    149 |   1 | 4915.0 |
               +--------+--------+--------+--------+--------+-----+--------+

Top non-repeatable levels by time:
       D: 4915 daAuts
